 Dungeon Crawl Stone Soup version 0.31-a0-819-gf6de2f5ab6 (webtiles) character file.

Game seed: 10397742260213839012

1010 qw the Skirmisher (level 8, -4/53 HPs)
             Began as a Gargoyle Hunter on Sept 23, 2023.
             Slain by Duvessa
             ... wielding a +0 vampiric short sword
              (5 damage)
             ... on level 5 of the Dungeon.
             The game lasted 00:01:28 (2813 turns).

qw the Skirmisher (Gargoyle Hunter)                 Turns: 2813, Time: 00:01:28

Health: -4/53      AC: 13    Str: 14    XL:     8   Next: 21%
Magic:  8/8        EV: 12    Int:  9    God:
Gold:   188        SH:  0    Dex: 15    Spells: 7/7 levels left

rFire   + . .        Y - +0 shortbow
rCold   + . .        (shield currently unavailable)
rNeg    + + .        l - +2 leather armour {rF+}
rPois   inf          f - +0 helmet
rElec   +            d - +0 cloak
rCorr   .            (no gloves)
SInv    +            (no boots)
Will    .....        (no amulet)
Stlth   ++           b - ring of positive energy
HPRegen 0.28/turn    c - ring of see invisible
MPRegen 0.11/turn

%: no passive effects
@: no status effects
A: sickness immunity, AC +5, negative energy resistance 1, electricity
resistance, torment resistance 1, petrification resistance, cold resistance 1,
robust 1, weak 1
a: no special abilities


You were on level 5 of the Dungeon.
You visited 1 branch of the dungeon, and saw 5 of its levels.

You collected 188 gold pieces.


Innate Abilities, Weirdness & Mutations

You are immune to sickness and miasma.
Your stone body is resilient. (AC +5)
You are immune to poison.
You resist negative energy. (rN+)
You are resistant to electric shocks. (rElec)
You are resistant to unholy torment.
You are immune to petrification.
Your flesh is cold resistant. (rC+)
You are robust. (+10% HP)
You are weak. (Str -2)


   Skills:
 - Level 5.2 Fighting
 + Level 8.7 Ranged Weapons
 - Level 2.2 Armour
 - Level 2.0 Dodging
 - Level 1.1 Stealth


You had 7 spell levels left.
You didn't know any spells.
Your spell library was empty.

Inventory:

Hand Weapons
 Y - a +0 shortbow (weapon)
Armour
 d - a +0 cloak (worn)
 f - a +0 helmet (worn)
 l - a +2 leather armour of fire resistance (worn)
 n - a +0 ring mail of cold resistance
Jewellery
 b - a ring of positive energy (left hand)
 c - a ring of see invisible (right hand)
Scrolls
 e - a scroll of identify
Potions
 a - a potion of curing
 g - a potion of might {unknown}
 j - a potion of brilliance {unknown}
 k - a potion of haste {unknown}
 o - a potion of mutation

Dungeon Overview and Level Annotations

Branches:
Dungeon (5/15)
 Temple: D:4-7

Altars:

Annotations:
D:5 Dowan, Duvessa


Message History

You shoot an arrow.
The arrow hits Duvessa but does no damage.
Duvessa is heavily wounded.
Duvessa misses you.
Dowan hits you with a +1 dagger of venom.
You shoot an arrow.
The arrow hits Duvessa but does no damage.
Duvessa is heavily wounded.
Duvessa hits you with a +0 vampiric short sword.
Dowan casts a spell.
Dowan blinks!
Duvessa closely misses you.
You shoot an arrow. The arrow hits Duvessa.
Duvessa is heavily wounded.
Duvessa hits you but does no damage.
Dowan says, "Magic and the sword, together, will defeat you."
You shoot an arrow. The arrow hits Duvessa.
Duvessa is severely wounded.
Duvessa hits you with a +0 vampiric short sword!
Duvessa hits you but does no damage.
You shoot an arrow.
The arrow hits Duvessa but does no damage.
Duvessa is severely wounded.
Duvessa hits you but does no damage.
You shoot an arrow. The arrow hits Duvessa.
Duvessa is almost dead.
Duvessa hits you but does no damage. Duvessa barely misses you.
You shoot an arrow.
The arrow hits Duvessa but does no damage.
Duvessa is almost dead.
Duvessa hits you but does no damage.
You shoot an arrow. The arrow barely misses Duvessa.
Duvessa hits you with a +0 vampiric short sword!
Dowan gestures at you while chanting.
The puff of flame hits you but does no damage.
Duvessa hits you with a +0 vampiric short sword.
You shoot an arrow. The arrow barely misses Duvessa.
Duvessa hits you but does no damage.
Dowan hits you with a +1 dagger of venom.
Duvessa hits you with a +0 vampiric short sword.
You die...

##### #...# #...# #.$.#
.). #########'####
#.......e@e..#
#............#
#............#
#............# ####
#.........../#####....
#............#...#..
#............#....#...#
#.......##'###....#...#
#.......+...###'###...#


You could see Duvessa (fast) and Dowan.

Vanquished Creatures
  Grinder (D:4)
  Eustachio (D:5)
  Menkaure (D:4)
  A black bear (D:4)
  A phantom (D:4)
  Blork the orc (D:4)
  A bullfrog (D:4)
  2 scorpions (D:4)
  A hound (D:5)
  A jelly (D:4)
  3 adders (D:3)
  A white imp (D:5)
  2 worms (D:2)
  2 dart slugs
  6 orcs
  8 ball pythons
  6 bats
  5 endoplasms
  A giant cockroach (D:1)
  3 goblins
  8 hobgoblins
  5 quokkas
  3 frilled lizards
  10 kobolds
  5 rats
79 creatures vanquished.

Notes
Turn   | Place    | Note
-------+----------+-------------------------------------------
     0 | D:1      | qw the Gargoyle Hunter began the quest for the Orb.
     0 | D:1      | Reached XP level 1. HP: 12/12 MP: 1/1
     0 | D:1      | 0 ||| qw: Version: 0.3-a-83-gcd0e7d8
     0 | D:1      | 0 ||| qw: Game counter: 1565
     0 | D:1      | 0 ||| qw: Melee chars always use a shield: true
     0 | D:1      | 0 ||| qw: God list: Okawaru
     0 | D:1      | 0 ||| qw: Allow faded altars: false
     0 | D:1      | 0 ||| qw: Do Orc after clearing Dungeon:15 true
     0 | D:1      | 0 ||| qw: Do second Lair branch before Depths: true
     0 | D:1      | 0 ||| qw: Lair rune preference: random
     0 | D:1      | 0 ||| qw: Goals: Normal
     0 | D:1      | 0 ||| PLANNING D:1-11
   117 | D:1      | Reached XP level 2. HP: 17/17 MP: 2/2
   515 | D:1      | Reached XP level 3. HP: 21/21 MP: 3/3
   864 | D:1      | 864 ||| UPGRADING to +0 cloak.
   869 | D:1      | 869 ||| UPGRADING to +0 helmet.
   874 | D:1      | 874 ||| UPGRADING to +0 ring mail.
   884 | D:1      | 884 ||| DROPPING +0 leather armour.
   885 | D:1      | 885 ||| READING scroll labelled FIEGEM ZUSM.
   886 | D:1      | 886 ||| READING scroll labelled NAZXIM DEHAXI.
   887 | D:1      | 887 ||| DROPPING scroll of butterflies.
  1045 | D:2      | Reached skill level 1 in Armour
  1108 | D:2      | Reached skill level 5 in Ranged Weapons
  1418 | D:2      | 1418 ||| UPGRADING to ring of positive energy.
  1419 | D:2      | 1419 ||| UPGRADING to ring of see invisible.
  1420 | D:2      | 1420 ||| DRINKING 2 fizzy red potions.
  1463 | D:3      | Reached skill level 3 in Fighting
  1463 | D:3      | Reached XP level 4. HP: 28/28 MP: 4/4
  1816 | D:3      | 1816 ||| READING 3 scrolls labelled VULUYTA UTWAI.
  1817 | D:3      | 1817 ||| READING 2 scrolls labelled PUEKEULUONT.
  1818 | D:3      | 1818 ||| READING 2 scrolls of identify.
  1818 | D:3      | 1818 ||| IDENTIFYING sedimented dark potion
  1819 | D:3      | 1819 ||| DROPPING scroll of revelation.
  1820 | D:3      | 1820 ||| DROPPING potion of degeneration.
  1846 | D:4      | Noticed Menkaure
  1846 | D:4      | Noticed a scorpion
  1847 | D:4      | 1847 ||| RETREEAATING.
  1850 | D:4      | 1850 ||| STILL RETREEAATING.
  1857 | D:4      | Killed a scorpion
  1858 | D:4      | Reached XP level 5. HP: 23/32 MP: 5/5
  1862 | D:4      | Killed Menkaure
  1863 | D:4      | Reached skill level 6 in Ranged Weapons
  1863 | D:4      | Reached XP level 6. HP: 17/37 MP: 6/6
  2043 | D:4      | Noticed a black bear
  2056 | D:4      | Killed a black bear
  2057 | D:4      | Reached skill level 7 in Ranged Weapons
  2057 | D:4      | Reached XP level 7. HP: 39/44 MP: 7/7
  2124 | D:4      | Noticed Grinder
  2137 | D:4      | Paralysed by Grinder for 2 turns
  2148 | D:4      | Paralysed by Grinder for 5 turns
  2159 | D:4      | Paralysed by Grinder for 3 turns
  2176 | D:4      | Killed Grinder
  2177 | D:4      | Reached skill level 8 in Ranged Weapons
  2370 | D:4      | Noticed Blork the orc
  2381 | D:4      | Killed Blork the orc
  2532 | D:4      | 2532 ||| UPGRADING to +2 leather armour of fire resistance.
  2542 | D:4      | 2542 ||| DROPPING +0 ring mail.
  2543 | D:4      | 2543 ||| READING scroll labelled SOHISU YRIAREO.
  2544 | D:4      | 2544 ||| READING scroll labelled OHAN DEFASM.
  2550 | D:4      | 2550 ||| DRINKING 2 lumpy silvery potions.
  2550 | D:4      | Gained mutation: You are robust. (+10% HP) [potion of
                  | mutation]
  2550 | D:4      | Gained mutation: You are weak. (Str -2) [potion of
                  | mutation]
  2550 | D:4      | Gained mutation: Your flesh is cold resistant. (rC+)
                  | [potion of mutation]
  2585 | D:5      | Entered Level 5 of the Dungeon
  2608 | D:5      | Reached XP level 8. HP: 53/53 MP: 8/8
  2632 | D:5      | Noticed Eustachio
  2685 | D:5      | 2685 ||| FLEEEEING.
  2686 | D:5      | 2686 ||| FLEEEEING.
  2687 | D:5      | 2687 ||| RETREEAATING.
  2688 | D:5      | 2688 ||| STILL RETREEAATING.
  2689 | D:5      | 2689 ||| STILL RETREEAATING.
  2697 | D:5      | Killed Eustachio
  2791 | D:5      | Noticed Duvessa
  2791 | D:5      | Noticed Dowan
  2808 | D:5      | HP: 13/53 [Duvessa/+0 vampiric short sword (7)]
  2812 | D:5      | HP: 5/53 [Duvessa/+0 vampiric short sword (9)]
  2813 | D:5      | HP: 1/53 [Dowan/+1 dagger of venom (2)]
  2813 | D:5      | Slain by Duvessa

Levels and vault maps discovered:
D:1:      wheals_arrival_shading, layout_basic
D:2:      layout_basic
D:3:      layout_rooms, feat_on_display
D:4:      layout_rooms, minmay_small_thing, uniq_grinder, uniq_blork_the_orc,
          uniq_menkaure
D:5:      layout_gridville, uniq_eustachio, uniq_duvessa

Skill      XL: |  1  2  3  4  5  6  7 |
---------------+----------------------+-----
Armour         | 1 2 |  2.2
Ranged Weapons | 5 6 7 8 |  8.7
Fighting       | 3 4 5 |  5.2
Dodging        | 2 |  2.0
Stealth        | |  1.1

Action                     |  1- 3 |  4- 6 |  7- 9 || total
---------------------------+-------+-------+-------++-------
   Fire: Shortbow          |   137 |    83 |   167 ||   387
    Use: Scroll            |     2 |     3 |     2 ||     7
         Potion            |     1 |       |     1 ||     2
 Armour: Leather armour    |    10 |       |    82 ||    92
         Ring mail         |    21 |    42 |    27 ||    90
  Dodge: Dodged            |    39 |    31 |   100 ||   170

Table legend:
 A = Non-vault XP
 B = Vault XP
 C = Vault XP percentage of total XP
 D = Non-vault monster count
 E = Vault monster count
 F = Vault count percentage of total count
                 A         B        C        D         E       F
            +---------+---------+-------+---------+---------+-------
      Total |     623 |     820 |  56.8 |      73 |       6 |   7.6
            +---------+---------+-------+---------+---------+-------
        D:1 |      36 |       0 |   0.0 |      21 |       0 |   0.0
        D:2 |      41 |       0 |   0.0 |      21 |       0 |   0.0
        D:3 |      58 |       0 |   0.0 |      14 |       0 |   0.0
        D:4 |     424 |     629 |  59.7 |      12 |       5 |  29.4
        D:5 |      64 |     191 |  74.9 |       5 |       1 |  16.7
            +---------+---------+-------+---------+---------+-------
